AoeStats
← ITA | Raffy

Black Forest

504747299Analyzed
3v3 RM · 26d ago on Sep 6, 2026· 66m 48s· 6 players
Game mode
Random Map
Map size
Normal (6 player)
Population
200
Speed
Normal
Resources
Standard
Victory
Conquest
Starting age
Dark Age
Ending age
Imperial Age
RankedLock teamsTeams togetherTeam positionsShared explorationLock speedFull tech treeHidden civsTurbo modeCheats
Victory
Defeat
🇪🇸 Bohemians · Spain
1441
+15
🇨🇦 Japanese · Canada
1427
+15
🇪🇸 Spanish · Spain
1392
+17
🇮🇹 Italians · Italy
1506
-20
1414
-16
🇮🇹 Britons · Italy
1301
-11
CARANZA
0:47 Loom
12:27 Feudal Age
12:56 Double-Bit Axe
17:02 Castle Age
14:58 Horse Collar
17:57 Heavy Plow
18:17 Bow Saw
21:20 Wheelbarrow
29:10 Imperial Age
28:21 Chemistry
28:05 Fortified Wall
29:27 Caravan
32:21 Imperial Age
30:27 Padded Archer Armor
34:07 Imperial Age
32:30 Elite Skirmisher
34:11 Fletching
35:57 Two-Man Saw
34:59 Bodkin Arrow
35:20 Leather Archer Armor
35:54 Bracer
36:26 Pikeman
37:06 Squires
36:51 Arson
37:18 Forging
37:39 Ring Archer Armor
37:12 Bracer
39:37 Houfnice
41:11 Elite Hussite Wagon
43:20 Siege Engineers
49:09 Halberdier
63:52 Conscription
64:07 Capped Ram
MTC
0:31 Loom
11:42 Feudal Age
16:59 Castle Age
16:17 Double-Bit Axe
18:29 Wheelbarrow
23:42 Horse Collar
25:57 Padded Archer Armor
29:43 Gold Mining
37:40 Imperial Age
36:29 Leather Archer Armor
39:22 Chemistry
38:54 Elite Conquistador
40:12 Ring Archer Armor
51:32 Bloodlines
51:22 Husbandry
56:39 Forging
56:30 Scale Mail Armor
56:21 Fletching
55:54 Pikeman
56:34 Squires
58:26 Halberdier
59:45 Iron Casting
59:25 Chain Mail Armor
63:16 Light Cavalry
64:59 Blast Furnace
64:05 Scale Barding Armor
65:15 Hussar
WittedGnat
12:07 Feudal Age
15:39 Castle Age
14:46 Double-Bit Axe
17:02 Bow Saw
17:27 Fishing Lines
19:28 Gillnets
21:52 Horse Collar
22:44 Heavy Plow
24:21 Loom
25:12 Wheelbarrow
24:23 Town Watch
26:39 Hand Cart
29:24 Imperial Age
26:56 Gold Mining
26:58 Stone Mining
27:15 Fletching
27:26 Padded Archer Armor
27:48 Ballistics
27:40 Masonry
27:12 Treadmill Crane
28:46 Bodkin Arrow
30:06 Leather Archer Armor
30:29 Bloodlines
30:19 Husbandry
30:20 Bracer
31:50 Ring Archer Armor
32:34 Chemistry
31:40 Heavy Cavalry Archer
32:46 Parthian Tactics
33:16 Coinage
33:40 Thumb Ring
34:27 Banking
34:45 Elite Skirmisher
36:18 Conscription
36:19 Kataparuto
36:36 Siege Engineers
46:11 Onager
46:56 Caravan
50:32 Scale Mail Armor
50:42 Forging
57:13 Two-Man Saw
58:40 Chain Mail Armor
59:01 Iron Casting
60:23 Plate Mail Armor
60:53 Blast Furnace
62:15 Squires
62:01 Gambesons
61:37 Man-at-Arms
62:02 Arson
62:55 Long Swordsman
63:36 Two-Handed Swordsman
64:20 Champion
65:13 Capped Ram
ITA | CivettaAviotrasportata
0:51 Loom
12:36 Feudal Age
16:51 Castle Age
14:47 Double-Bit Axe
14:44 Horse Collar
14:55 Gold Mining
23:07 Imperial Age
20:57 Bow Saw
22:54 Gold Shaft Mining
22:29 Padded Archer Armor
25:06 Two-Man Saw
31:56 Leather Archer Armor
36:02 Wheelbarrow
35:17 Town Watch
35:46 Heavy Plow
44:34 Hand Cart
44:27 Artillery
44:47 Conscription
47:52 Bloodlines
47:43 Husbandry
48:00 Scale Barding Armor
48:06 Forging
48:47 Hoardings
50:04 Chain Barding Armor
50:24 Iron Casting
51:41 Caravan
53:11 Plate Barding Armor
55:26 Sipahi
56:11 Blast Furnace
56:42 Thumb Ring
57:03 Parthian Tactics
56:53 Heavy Cavalry Archer
59:20 Fletching
62:27 Ballistics
Monesi28
0:50 Loom
10:23 Feudal Age
11:11 Man-at-Arms
21:59 Castle Age
20:27 Double-Bit Axe
20:23 Horse Collar
21:36 Gold Mining
27:14 Imperial Age
25:25 Fletching
26:25 Masonry
27:23 Bodkin Arrow
30:19 Town Watch
31:42 Bracer
33:58 Chemistry
33:20 Town Watch
33:48 Padded Archer Armor
37:15 Ballistics
37:11 Bow Saw
37:49 Conscription
38:29 Leather Archer Armor
39:17 Wheelbarrow
40:14 Ring Archer Armor
44:01 Architecture
45:20 Scale Barding Armor
45:25 Forging
46:46 Two-Man Saw
46:56 Chain Barding Armor
45:59 Cavalier
46:49 Bloodlines
47:08 Husbandry
47:49 Hand Cart
48:25 Light Cavalry
56:41 Plate Barding Armor
55:37 Elite Skirmisher
56:08 Hussar
57:36 Iron Casting
61:42 Blast Furnace
64:03 Heavy Plow
ITA | Raffy
0:34 Loom
11:25 Feudal Age
15:05 Castle Age
13:38 Horse Collar
13:51 Double-Bit Axe
14:45 Town Watch
16:15 Bow Saw
16:07 Heavy Plow
22:28 Wheelbarrow
22:00 Stone Mining
23:36 Gold Mining
25:32 Hand Cart
26:31 Fletching
26:41 Padded Archer Armor
27:09 Ballistics
29:32 Imperial Age
27:48 Bodkin Arrow
28:15 Leather Archer Armor
30:05 Gold Shaft Mining
30:59 Conscription
30:00 Elite Longbowman
30:59 Bracer
33:17 Yeomen
33:32 Ring Archer Armor
34:05 Chemistry
33:15 Masonry
32:46 Treadmill Crane
35:14 Caravan
35:03 Pikeman
35:44 Squires
35:29 Gambesons
35:49 Scale Mail Armor
35:59 Forging
36:43 Warwolf
42:55 Hoardings
43:35 Elite Skirmisher
62:28 Onager
Connection lost

Rejoining the realm…

Still unreachable

The connection could not be restored.

Session expired

The server has moved on; the page needs a fresh start.